 Dungeon Crawl Stone Soup version 0.30-a0-782-ge64f9170bb (webtiles) character file.

Game seed: 14677355639722505412

189 vineage the Trooper (level 5, 0/55 HPs)
             Began as a Gargoyle Fighter on Mar 15, 2023.
             Slain by a two-headed ogre
             ... wielding a +0 giant club
              (17 damage)
             ... on level 5 of the Dungeon.
             The game lasted 00:02:47 (3282 turns).

vineage the Trooper (Gargoyle Fighter)              Turns: 3282, Time: 00:02:47

Health: 0/55       AC: 22    Str: 20    XL:     5   Next: 68%
Magic:  5/5        EV:  2    Int:  8    God:
Gold:   357        SH:  4    Dex: 11    Spells: 4/4 levels left

rFire   . . .      SeeInvis .    a - +0 flail
rCold   . . .      Faith    .    c - +0 buckler
rNeg    + . .      Spirit   .    (body armour currently unavailable)
rPois   ∞          Reflect  .    (helmet currently unavailable)
rElec   .          Harm     .    (cloak currently unavailable)
rCorr   .          Rampage  .    (gloves currently unavailable)
Will    .....      NoTele   +    (boots currently unavailable)
Stlth   +                        (no amulet)
HPRegen 0.29/turn                d - +5 ring of evasion
MPRegen 0.09/turn                (no ring)

@: tree-form
A: stationary, stasis, torment immunity, boosted hp, sickness immunity, AC +4,
negative energy resistance 1, (electricity resistance), torment resistance 1,
petrification resistance
a: no special abilities


You were on level 5 of the Dungeon.
You were a tree.
You visited 1 branch of the dungeon, and saw 5 of its levels.

You collected 357 gold pieces.

Inventory:

Hand Weapons
 a - a +0 flail (weapon)
Armour
 b - a +0 scale mail (melded)
 c - a +0 buckler (worn)
 f - a +0 cloak
 o - a +1 cloak of stealth (melded)
Jewellery
 d - a +5 ring of evasion (left branch)
Wands
 i - a wand of digging (4)
Scrolls
 g - a scroll of magic mapping {unknown}
Potions
 e - 2 potions of resistance
 j - a potion of haste
 k - a potion of attraction
 l - a potion of heal wounds
 m - a potion of curing {unknown}
 n - a potion of degeneration {unknown}
 p - a potion of mutation {unknown}
 q - a potion of flight {unknown}


   Skills:
 * Level 6.8 Fighting
 - Level 2.0 Maces & Flails
 - Level 3.2 Armour
 - Level 3.2 Shields


You had 4 spell levels left.
You didn't know any spells.
Your spell library contained the following spells:

 Spells                   Type           Power      Damage    Failure   Level
 Freeze                   Ice            0%         1d3       50%         1
 Sandblast                Erth           0%         2d4       50%         1
 Passwall                 Tmut/Erth      0%         N/A       65%         2
 Frozen Ramparts          Ice            0%         1d1       86%         3
 Hailstorm                Conj/Ice       0%         3d3       86%         3
 Stone Arrow              Conj/Erth      0%         3d7       86%         3


Dungeon Overview and Level Annotations

Branches:
Dungeon (4/15)
 Temple: D:4-7

Altars:
Dithmenos
Fedhas
Trog
Yredelemnul

Shops:
D:1 !


Innate Abilities, Weirdness & Mutations

You are a tree.
Your roots penetrate the ground, keeping you stationary.
You cannot be teleported.
You are immune to unholy pain and torment.
Your maximum health is greatly increased.
Your equipment is partially melded.
You are immune to sickness and miasma.
((Your stone body is resilient. (AC +4)))
You are immune to poison.
You resist negative energy. (rN+)
((You are resistant to electric shocks. (rElec)))
You are resistant to unholy torment.
You are immune to petrification.


Message History

The two-headed ogre hits you but does no damage.
You sock the two-headed ogre!
The two-headed ogre is moderately wounded.
The two-headed ogre hits you with a +0 giant club! x2
You are too injured to fight recklessly!
You are too injured to fight recklessly!
You are too injured to fight recklessly!
You are too injured to fight recklessly!
You are too injured to fight recklessly!
You are too injured to fight recklessly!
You are too injured to fight recklessly!
You are too injured to fight recklessly!
You are too injured to fight recklessly!
You are too injured to fight recklessly!
You are too injured to fight recklessly!
You are too injured to fight recklessly!
You are too injured to fight recklessly!
You sock the two-headed ogre!
The two-headed ogre is moderately wounded.
You block the two-headed ogre's attack.
The two-headed ogre hits you with a +0 giant club.
* * * LOW HITPOINT WARNING * * *
It was a potion of heal wounds.
You feel much better.
You thump the two-headed ogre!
The two-headed ogre is heavily wounded.
The two-headed ogre barely misses you.
The two-headed ogre hits you but does no damage.
You hit the two-headed ogre.
The two-headed ogre is heavily wounded.
The two-headed ogre hits you but does no damage.
The two-headed ogre hits you with a +0 giant club.
You sock the two-headed ogre!
The two-headed ogre is severely wounded.
You block the two-headed ogre's attack.
The two-headed ogre hits you with a +0 giant club!!
* * * LOW HITPOINT WARNING * * *
You barely miss the two-headed ogre.
The two-headed ogre is severely wounded.
The two-headed ogre hits you with a +0 giant club!
You die...

#.> #.# #.#
#.# ##.###
....
#####.#######
#....♣.......
#.###O#######
#.# .h..
#.#.#.###
#.#.#.. #.#
### #.# #.#


You could see a two-headed ogre and a black bear.

Vanquished Creatures
  Crazy Yiuf (D:2)
  4 gnolls (D:2)
  5 adders
  A worm (D:3)
  4 orcs
  9 ball pythons
  6 bats
  7 endoplasms
  2 giant cockroaches (D:3)
  6 goblins
  5 hobgoblins
  2 jackals (D:2)
  2 quokkas
  2 frilled lizards
  6 kobolds
  10 rats
72 creatures vanquished.

Vanquished Creatures (others)
  2 fungi (D:2)
  5 toadstools (D:1)
7 creatures vanquished.

Grand Total: 79 creatures vanquished

Notes
Turn   | Place    | Note
-------+----------+-------------------------------------------
     0 | D:1      | vineage the Gargoyle Fighter began the quest for the Orb.
     0 | D:1      | Reached XP level 1. HP: 14/14 MP: 1/1
    11 | D:1      | Found Goto's Distillery.
   183 | D:1      | Reached XP level 2. HP: 19/20 MP: 2/2
   204 | D:1      | Reached skill level 4 in Fighting
   631 | D:1      | Reached XP level 3. HP: 24/24 MP: 3/3
  1174 | D:2      | Reached skill level 5 in Fighting
  1496 | D:2      | Reached XP level 4. HP: 31/31 MP: 4/4
  1779 | D:2      | Found a faded altar of an unknown god.
  2223 | D:2      | Found a runed translucent door.
  2224 | D:2      | Noticed Crazy Yiuf
  2231 | D:2      | Killed Crazy Yiuf
  2232 | D:2      | Reached skill level 6 in Fighting
  2232 | D:2      | Reached XP level 5. HP: 22/36 MP: 3/5
  2406 | D:3      | Found a basalt altar of Yredelemnul.
  2422 | D:3      | Found a shadowy altar of Dithmenos.
  2512 | D:3      | Found a blossoming altar of Fedhas.
  2590 | D:3      | Found a bloodstained altar of Trog.
  3268 | D:4      | You fall into a shaft and drop 1 floor!
  3268 | D:5      | Entered Level 5 of the Dungeon
  3272 | D:5      | Noticed a two-headed ogre
  3273 | D:5      | Noticed a black bear
  3282 | D:5      | Slain by a two-headed ogre

Illustrated notes

Levels and vault maps discovered:
D:1:      wander_arrival_chamber, layout_loops_ring, serial_shops,
          nicolae_lakefront_shop, minmay_gold_behind_fungi, minmay_cut_off
D:2:      layout_basic, hellmonk_ecumenical_altar_arch_garden,
          dreamdust_princess_bridge, uniq_crazy_yiuf_cottage
D:3:      layout_loops_ring, minitemple, mainiacjoe_overflow_catch_the_wave,
          minmay_misc_feat_tower
D:4:      layout_rooms
D:5:      layout_basic

Skill      XL: |  1  2  3  4 |
---------------+-------------+-----
Fighting       | 4 5 6 |  6.8
Maces & Flails | |  2.0
Armour         | |  3.2
Shields        | |  3.2

Action                     |  1- 3 |  4- 6 || total
---------------------------+-------+-------++-------
  Melee: Flail             |   112 |   141 ||   253
    Use: Scroll            |     7 |       ||     7
         Potion            |       |     3 ||     3
 Armour: Scale mail        |    64 |    64 ||   128
         Skin              |       |     3 ||     3
  Dodge: Dodged            |    66 |    86 ||   152
  Block: Buckler           |    23 |    26 ||    49

Table legend: (Time is in decaauts)
 A = Elapsed time spent in this place.
 B = Non-inter-level travel time spent in this place.
 C = Inter-level travel time spent in this place.
 D = Time resting spent in this place.
 E = Time spent auto-exploring this place.
 F = Levels seen in this place.
 G = Mean time per level.
                   A        B        C        D        E       F      G
               +--------+--------+--------+--------+--------+-----+--------+
         Total |   3366 |   3240 |    126 |      0 |   2641 |   5 |  673.2 |
       Dungeon |   3366 |   3240 |    126 |      0 |   2641 |   5 |  673.2 |
               +--------+--------+--------+--------+--------+-----+--------+

Top non-repeatable levels by time:
     D:2: 1318 daAuts
     D:1: 1054 daAuts
     D:3: 931 daAuts
     D:4: 46 daAuts
     D:5: 15 daAuts
